[ PARTIDA AOE2 · #505142900 ]
UnrankedMapuche vs Khitans
Equipo del jugador · VICT
Equipo rival · DERR
[ ANÁLISIS DE REPETICIÓN · EXTRAÍDO DE LA PARTIDA GRABADA ]
Feudal
11:14
Castillos
16:33
Imperial
34:01
| APM promedio | 39.5 |
| APM pico | 94 |
| eAPM promedio | 25.9 |
| Aldeanos / militares | 138 / 156 |
Foco
⚔️ 41.4% · 🌾 58.6%
Bolas Rider ×72 · Kona ×71 · Trebuchet (Packed) ×6 · Mangonel ×3 · Spearman ×3 · Monk ×1
Feudal
8:52
Castillos
22:12
Imperial
36:04
| APM promedio | 85.9 |
| APM pico | 232 |
| eAPM promedio | 52.5 |
| Aldeanos / militares | 264 / 204 |
Foco
⚔️ 58.5% · 🌾 41.5%
Camel Scout ×122 · Skirmisher ×47 · Scout Cavalry ×32 · Unknown (1923) ×20 · Monk ×2 · Trebuchet (Packed) ×1
Mapa de la partida
Recursos iniciales + cada clic de construcción. Líneas = muros · curvas = relieve. ◆ oro · ⬟ piedra · ● bayas · ✦ reliquia · ◌ hueco del cierre
Tu base· ✓ Cerrada en 16:33 · 79t muro · 1 puerta(s)
Base de [GT]YellowJacket· Abierta — hueco de 1t
Terreno inicial suavizado · ◌ = hueco del cierre detectado · pasá el cursor para detalles
Inputs por minuto
— DaddySt4rk - - [GT]YellowJacket
Build order — DaddySt4rk
Primeras 150 de 518 acciones detectadas
| 0:02 | Encolar | Villager (Male) ×4 |
| 0:03 | Construir | House |
| 0:04 | Construir | House |
| 1:39 | Encolar | Villager (Male) |
| 1:53 | Construir | Settlement |
| 2:02 | Encolar | Villager (Male) |
| 2:24 | Encolar | Villager (Male) |
| 2:51 | Encolar | Villager (Male) |
| 3:08 | Construir | House |
| 3:11 | Construir | Palisade Wall |
| 3:23 | Encolar | Villager (Male) |
| 3:43 | Encolar | Villager (Male) |
| 3:54 | Encolar | Villager (Male) |
| 3:59 | Construir | Palisade Wall |
| 4:02 | Construir | Palisade Wall |
| 4:33 | Encolar | Villager (Male) |
| 4:47 | Construir | Palisade Wall |
| 4:58 | Encolar | Villager (Male) |
| 5:07 | Construir | Palisade Wall |
| 5:09 | Construir | Palisade Wall |
| 5:11 | Construir | Palisade Wall |
| 5:14 | Construir | Palisade Wall |
| 5:24 | Encolar | Villager (Male) |
| 5:43 | Encolar | Villager (Male) |
| 6:13 | Encolar | Villager (Male) |
| 6:37 | Encolar | Villager (Male) |
| 7:14 | Encolar | Villager (Male) |
| 7:35 | Construir | Settlement |
| 7:38 | Investigar | Loom |
| 7:49 | Construir | House |
| 7:50 | Construir | House |
| 8:14 | Encolar | Villager (Male) |
| 8:38 | Encolar | Villager (Male) |
| 8:46 | Construir | Settlement |
| 8:50 | Construir | Farm |
| 8:53 | Construir | Farm |
| 8:57 | Investigar | Feudal Age |
| 9:30 | Construir | Palisade Gate |
| 9:34 | Construir | Palisade Wall |
| 9:36 | Construir | Palisade Wall |
| 9:38 | Construir | Palisade Wall |
| 9:49 | Construir | House |
| 9:51 | Construir | Palisade Wall |
| 10:01 | Encolar | Villager (Male) |
| 10:04 | Encolar | Villager (Male) |
| 10:12 | Construir | Palisade Wall |
| 10:33 | Construir | Palisade Wall |
| 10:39 | Construir | Palisade Wall |
| 10:42 | Construir | Palisade Wall |
| 10:47 | Construir | Palisade Wall |
| 10:56 | Construir | Palisade Wall |
| 10:58 | Construir | Palisade Wall |
| 11:02 | Construir | Palisade Wall |
| 11:03 | Construir | Palisade Wall |
| 11:04 | Construir | Palisade Wall |
| 11:05 | Construir | Palisade Wall |
| 11:14 | Edad | Edad Feudal |
| 11:28 | Construir | House |
| 11:38 | Construir | Market |
| 11:43 | Construir | House |
| 11:45 | Construir | Palisade Wall |
| 11:51 | Encolar | Villager (Male) |
| 12:06 | Construir | Palisade Wall |
| 12:09 | Construir | Palisade Wall |
| 12:11 | Construir | Palisade Wall |
| 12:12 | Construir | Palisade Wall |
| 12:12 | Construir | Palisade Wall |
| 12:13 | Construir | Palisade Wall |
| 12:14 | Construir | Palisade Wall |
| 12:14 | Construir | Palisade Wall |
| 12:23 | Encolar | Villager (Male) |
| 12:27 | Construir | Watch Tower |
| 12:41 | Encolar | Villager (Male) |
| 13:10 | Construir | Blacksmith |
| 13:20 | Encolar | Villager (Male) |
| 13:50 | Construir | House |
| 13:53 | Investigar | Castle Age |
| 13:59 | Encolar | Spearman |
| 14:04 | Encolar | Spearman |
| 14:10 | Encolar | Spearman |
| 14:24 | Construir | Palisade Wall |
| 14:25 | Construir | Palisade Wall |
| 14:30 | Construir | Palisade Wall |
| 14:46 | Construir | Outpost |
| 14:47 | Construir | House |
| 14:57 | Construir | Settlement |
| 15:08 | Investigar | Double-Bit Axe |
| 16:20 | Construir | Settlement |
| 16:28 | Construir | Barracks |
| 16:33 | Edad | Edad de los Castillos |
| 16:36 | Construir | Palisade Gate |
| 16:38 | Construir | Palisade Wall |
| 16:41 | Encolar | Villager (Male) |
| 16:42 | Construir | Farm |
| 16:54 | Investigar | Bow Saw |
| 16:58 | Construir | Farm |
| 17:00 | Encolar | Villager (Male) |
| 17:24 | Construir | Watch Tower |
| 17:29 | Encolar | Villager (Male) |
| 17:33 | Construir | Archery Range |
| 17:39 | Construir | Palisade Wall |
| 17:42 | Construir | Farm |
| 17:50 | Encolar | Villager (Male) |
| 18:00 | Construir | Farm |
| 18:04 | Construir | Farm |
| 18:16 | Encolar | Villager (Male) |
| 18:32 | Encolar | Bolas Rider |
| 18:45 | Construir | Archery Range |
| 18:48 | Encolar | Villager (Male) |
| 18:54 | Investigar | Fletching |
| 19:19 | Encolar | Villager (Male) |
| 19:36 | Construir | Farm |
| 19:38 | Construir | Farm |
| 19:44 | Encolar | Bolas Rider |
| 19:45 | Encolar | Bolas Rider |
| 19:46 | Encolar | Villager (Male) |
| 19:49 | Construir | Farm |
| 19:52 | Construir | Farm |
| 20:00 | Encolar | Villager (Male) |
| 20:18 | Encolar | Bolas Rider |
| 20:18 | Encolar | Bolas Rider |
| 20:32 | Investigar | Horse Collar |
| 20:35 | Encolar | Villager (Male) |
| 20:44 | Construir | Town Center |
| 20:51 | Construir | Farm |
| 21:11 | Investigar | Town Watch |
| 21:12 | Encolar | Villager (Male) |
| 21:15 | Investigar | Horse Collar |
| 21:33 | Encolar | Bolas Rider |
| 21:33 | Encolar | Bolas Rider |
| 21:52 | Encolar | Villager (Male) |
| 21:54 | Construir | Farm |
| 21:57 | Construir | Farm |
| 22:00 | Construir | Farm |
| 22:18 | Encolar | Villager (Male) |
| 22:19 | Encolar | Villager (Male) |
| 22:21 | Construir | Farm |
| 22:28 | Encolar | Bolas Rider |
| 22:28 | Encolar | Bolas Rider |
| 22:43 | Encolar | Villager (Male) |
| 22:47 | Encolar | Villager (Male) |
| 22:53 | Encolar | Bolas Rider |
| 22:53 | Encolar | Bolas Rider |
| 23:15 | Encolar | Villager (Male) |
| 23:15 | Encolar | Villager (Male) |
| 23:21 | Investigar | Wheelbarrow |
| 23:31 | Construir | Siege Workshop |
| 23:45 | Encolar | Villager (Male) |
| 23:47 | Encolar | Villager (Male) |
| 23:50 | Encolar | Villager (Male) |
Build order — [GT]YellowJacket
Primeras 150 de 696 acciones detectadas
| 0:00 | Encolar | Villager (Male) |
| 0:01 | Construir | House |
| 0:01 | Encolar | Villager (Male) |
| 0:02 | Construir | House |
| 0:06 | Encolar | Villager (Male) |
| 0:07 | Encolar | Villager (Male) |
| 1:19 | Construir | Lumber Camp |
| 1:24 | Encolar | Villager (Male) |
| 1:25 | Encolar | Villager (Male) |
| 1:59 | Encolar | Villager (Male) |
| 1:59 | Encolar | Villager (Male) |
| 2:21 | Encolar | Villager (Male) |
| 2:21 | Encolar | Villager (Male) |
| 2:52 | Encolar | Villager (Male) |
| 2:52 | Encolar | Villager (Male) |
| 3:11 | Encolar | Villager (Male) |
| 3:27 | Construir | House |
| 3:36 | Encolar | Villager (Male) |
| 4:01 | Construir | Mill |
| 4:03 | Encolar | Villager (Male) |
| 4:07 | Encolar | Villager (Male) |
| 4:07 | Encolar | Villager (Male) |
| 4:35 | Encolar | Villager (Male) |
| 5:12 | Encolar | Villager (Male) |
| 5:13 | Encolar | Villager (Male) |
| 5:46 | Investigar | Loom |
| 5:49 | Encolar | Villager (Male) |
| 5:50 | Investigar | Loom |
| 6:42 | Investigar | Feudal Age |
| 6:42 | Investigar | Feudal Age |
| 7:25 | Encolar | Villager (Male) |
| 7:28 | Construir | Mill |
| 8:02 | Encolar | Villager (Male) |
| 8:13 | Construir | Barracks |
| 8:14 | Construir | House |
| 8:50 | Encolar | Villager (Male) |
| 8:52 | Edad | Edad Feudal |
| 9:01 | Construir | Stable |
| 9:05 | Construir | Watch Tower |
| 9:21 | Investigar | Double-Bit Axe |
| 9:22 | Investigar | Double-Bit Axe |
| 9:26 | Encolar | Villager (Male) |
| 9:48 | Encolar | Scout Cavalry |
| 9:48 | Encolar | Scout Cavalry |
| 9:54 | Construir | House |
| 10:21 | Encolar | Scout Cavalry |
| 10:32 | Construir | Mining Camp |
| 10:38 | Encolar | Scout Cavalry |
| 10:38 | Encolar | Scout Cavalry |
| 10:47 | Encolar | Villager (Male) |
| 10:47 | Encolar | Villager (Male) |
| 10:56 | Construir | Pasture |
| 10:57 | Encolar | Villager (Male) |
| 10:57 | Encolar | Villager (Male) |
| 11:19 | Encolar | Villager (Male) |
| 11:21 | Construir | House |
| 11:35 | Encolar | Villager (Male) |
| 11:39 | Encolar | Villager (Male) |
| 11:40 | Construir | House |
| 11:47 | Construir | Watch Tower |
| 11:57 | Construir | Pasture |
| 12:03 | Construir | Pasture |
| 12:06 | Encolar | Villager (Male) |
| 12:23 | Encolar | Villager (Male) |
| 12:40 | Construir | Blacksmith |
| 12:44 | Encolar | Villager (Male) |
| 13:02 | Encolar | Villager (Male) |
| 13:10 | Investigar | Forging |
| 13:10 | Encolar | Villager (Male) |
| 13:11 | Construir | Pasture |
| 13:21 | Encolar | Villager (Male) |
| 13:32 | Construir | Lumber Camp |
| 13:43 | Encolar | Villager (Male) |
| 13:50 | Investigar | Fletching |
| 13:50 | Investigar | Fletching |
| 13:51 | Encolar | Villager (Male) |
| 13:56 | Construir | Mining Camp |
| 14:13 | Investigar | Town Watch |
| 14:16 | Construir | Pasture |
| 14:47 | Encolar | Villager (Male) |
| 14:52 | Construir | House |
| 14:56 | Construir | Watch Tower |
| 15:06 | Construir | Outpost |
| 15:13 | Encolar | Villager (Male) |
| 15:15 | Construir | Pasture |
| 15:28 | Construir | Palisade Wall |
| 15:35 | Encolar | Villager (Male) |
| 15:35 | Encolar | Villager (Male) |
| 15:36 | Construir | Archery Range |
| 15:48 | Construir | Watch Tower |
| 15:50 | Encolar | Villager (Male) |
| 15:53 | Construir | Palisade Wall |
| 15:54 | Construir | Palisade Wall |
| 15:55 | Construir | Palisade Wall |
| 15:58 | Construir | Palisade Wall |
| 16:00 | Construir | Palisade Wall |
| 16:02 | Construir | Palisade Wall |
| 16:07 | Encolar | Villager (Male) |
| 16:20 | Encolar | Skirmisher |
| 16:24 | Construir | Pasture |
| 17:07 | Encolar | Villager (Male) |
| 17:15 | Construir | Pasture |
| 17:27 | Encolar | Villager (Male) |
| 17:33 | Construir | Pasture |
| 17:38 | Construir | House |
| 17:45 | Encolar | Skirmisher |
| 17:48 | Construir | House |
| 17:49 | Construir | Palisade Wall |
| 17:52 | Construir | House |
| 18:01 | Construir | House |
| 18:02 | Construir | House |
| 18:05 | Encolar | Villager (Male) |
| 18:06 | Encolar | Skirmisher |
| 18:17 | Encolar | Villager (Male) |
| 18:18 | Encolar | Skirmisher |
| 18:43 | Construir | House |
| 18:44 | Encolar | Villager (Male) |
| 18:46 | Encolar | Skirmisher |
| 19:05 | Construir | Gate |
| 19:07 | Encolar | Villager (Male) |
| 19:11 | Construir | House |
| 19:14 | Construir | Pasture |
| 19:18 | Construir | Stone Wall |
| 19:25 | Investigar | Castle Age |
| 19:25 | Investigar | Castle Age |
| 19:43 | Construir | Stone Wall |
| 19:50 | Construir | House |
| 19:58 | Construir | Stone Wall |
| 20:03 | Investigar | Padded Archer Armor |
| 20:04 | Investigar | Tech 1014 |
| 20:04 | Investigar | Tech 1014 |
| 20:06 | Encolar | Skirmisher |
| 20:07 | Encolar | Villager (Male) |
| 20:18 | Construir | House |
| 20:26 | Encolar | Skirmisher |
| 20:39 | Investigar | Gold Mining |
| 20:43 | Investigar | Scale Barding Armor |
| 20:58 | Construir | Pasture |
| 21:29 | Construir | Stone Wall |
| 21:31 | Encolar | Villager (Male) |
| 21:44 | Construir | Pasture |
| 21:50 | Construir | Pasture |
| 22:12 | Edad | Edad de los Castillos |
| 22:15 | Investigar | Bodkin Arrow |
| 22:20 | Encolar | Camel Scout |
| 22:22 | Investigar | Elite Skirmisher (upgrade) |
| 22:30 | Encolar | Villager (Male) |
| 22:33 | Investigar | Leather Archer Armor |
| 22:36 | Investigar | Leather Archer Armor |
| 22:37 | Investigar | Bodkin Arrow |
Cronología de la partida
| 3:11 | DaddySt4rk · wall_segment Palisade Wall x18 |
| 3:59 | DaddySt4rk · wall_segment Palisade Wall x1 |
| 4:02 | DaddySt4rk · wall_segment Palisade Wall x12 |
| 4:47 | DaddySt4rk · wall_segment Palisade Wall x13 |
| 5:07 | DaddySt4rk · wall_segment Palisade Wall x2 |
| 5:09 | DaddySt4rk · wall_segment Palisade Wall x1 |
| 5:11 | DaddySt4rk · wall_segment Palisade Wall x3 |
| 5:14 | DaddySt4rk · wall_segment Palisade Wall x10 |
| 8:13 | [GT]YellowJacket · first_building Barracks |
| 8:52 | [GT]YellowJacket · age_up feudal |
| 9:01 | [GT]YellowJacket · first_building Stable |
| 9:34 | DaddySt4rk · wall_segment Palisade Wall x1 |
| 9:36 | DaddySt4rk · wall_segment Palisade Wall x1 |
| 9:38 | DaddySt4rk · wall_segment Palisade Wall x1 |
| 9:51 | DaddySt4rk · wall_segment Palisade Wall x1 |
| 10:12 | DaddySt4rk · wall_segment Palisade Wall x1 |
| 10:33 | DaddySt4rk · wall_segment Palisade Wall x1 |
| 10:39 | DaddySt4rk · wall_segment Palisade Wall x1 |
| 10:42 | DaddySt4rk · wall_segment Palisade Wall x1 |
| 10:47 | DaddySt4rk · wall_segment Palisade Wall x6 |
| 10:56 | DaddySt4rk · wall_segment Palisade Wall x1 |
| 10:58 | DaddySt4rk · wall_segment Palisade Wall x1 |
| 11:02 | DaddySt4rk · wall_segment Palisade Wall x1 |
| 11:03 | DaddySt4rk · wall_segment Palisade Wall x1 |
| 11:04 | DaddySt4rk · wall_segment Palisade Wall x1 |
| 11:05 | DaddySt4rk · wall_segment Palisade Wall x1 |
| 11:14 | DaddySt4rk · age_up feudal |
| 11:45 | DaddySt4rk · wall_segment Palisade Wall x1 |
| 12:06 | DaddySt4rk · wall_segment Palisade Wall x1 |
| 12:09 | DaddySt4rk · wall_segment Palisade Wall x1 |
| 12:11 | DaddySt4rk · wall_segment Palisade Wall x1 |
| 12:12 | DaddySt4rk · wall_segment Palisade Wall x1 |
| 12:12 | DaddySt4rk · wall_segment Palisade Wall x1 |
| 12:13 | DaddySt4rk · wall_segment Palisade Wall x1 |
| 12:14 | DaddySt4rk · wall_segment Palisade Wall x1 |
| 12:14 | DaddySt4rk · wall_segment Palisade Wall x1 |
| 14:24 | DaddySt4rk · wall_segment Palisade Wall x1 |
| 14:25 | DaddySt4rk · wall_segment Palisade Wall x1 |
| 14:30 | DaddySt4rk · wall_segment Palisade Wall x1 |
| 14:53 | DaddySt4rk · first_market_buy 100 wood |
| 15:28 | [GT]YellowJacket · wall_segment Palisade Wall x1 |
| 15:36 | [GT]YellowJacket · first_building Archery Range |
| 15:41 | DaddySt4rk · first_market_sell 100 stone |
| 15:53 | [GT]YellowJacket · wall_segment Palisade Wall x1 |
| 15:54 | [GT]YellowJacket · wall_segment Palisade Wall x1 |
| 15:55 | [GT]YellowJacket · wall_segment Palisade Wall x1 |
| 15:58 | [GT]YellowJacket · wall_segment Palisade Wall x1 |
| 16:00 | [GT]YellowJacket · wall_segment Palisade Wall x1 |
| 16:02 | [GT]YellowJacket · wall_segment Palisade Wall x1 |
| 16:28 | DaddySt4rk · first_building Barracks |
| 16:33 | DaddySt4rk · age_up castle |
| 16:38 | DaddySt4rk · wall_segment Palisade Wall x4 |
| 17:33 | DaddySt4rk · first_building Archery Range |
| 17:39 | DaddySt4rk · wall_segment Palisade Wall x1 |
| 17:49 | [GT]YellowJacket · wall_segment Palisade Wall x2 |
| 19:18 | [GT]YellowJacket · wall_segment Stone Wall x7 |
| 19:43 | [GT]YellowJacket · wall_segment Stone Wall x13 |
| 19:58 | [GT]YellowJacket · wall_segment Stone Wall x6 |
| 21:29 | [GT]YellowJacket · wall_segment Stone Wall x4 |
| 22:12 | [GT]YellowJacket · age_up castle |
| 22:43 | [GT]YellowJacket · wall_segment Stone Wall x5 |
| 23:31 | DaddySt4rk · first_building Siege Workshop |
| 25:52 | DaddySt4rk · first_building Castle |
| 26:41 | DaddySt4rk · wall_segment Palisade Wall x1 |
| 26:59 | DaddySt4rk · first_building Monastery |
| 28:00 | [GT]YellowJacket · first_building Monastery |
| 28:38 | [GT]YellowJacket · wall_segment Stone Wall x7 |
| 31:30 | [GT]YellowJacket · first_building Castle |
| 32:53 | [GT]YellowJacket · first_market_sell 100 food |
| 33:57 | [GT]YellowJacket · first_market_buy 100 wood |
| 34:01 | DaddySt4rk · age_up imperial |
| 35:58 | DaddySt4rk · wall_segment Stone Wall x8 |
| 36:03 | [GT]YellowJacket · first_building Siege Workshop |
| 36:04 | [GT]YellowJacket · age_up imperial |
| 37:24 | DaddySt4rk · wall_segment Stone Wall x2 |
| 47:07 | [GT]YellowJacket · resign |
[ ANÁLISIS IA · 1 CRÉDITO ]
¿Qué pasó realmente en esta partida?
Wolo.gg analiza cada decisión: build order, eco, micro, errores típicos por bracket. Análisis personalizado por WhatsApp o Discord en 30 segundos.
Guía civ
Mapuche
Perfil
Jugador #3884287